 Dungeon Crawl Stone Soup version 0.31-a0-702-gf82c85558f (webtiles) character file.

Game seed: 11877891391239886690

23 qw the Shooter (level 3, -1/21 HPs)
             Began as a Gargoyle Hunter on Sept 7, 2023.
             Slain by a jackal (3 damage)
             ... on level 2 of the Dungeon.
             The game lasted 00:00:19 (999 turns).

qw the Shooter (Gargoyle Hunter)                     Turns: 999, Time: 00:00:20

Health: -1/21      AC:  8    Str: 14    XL:     3   Next: 0%
Magic:  3/3        EV: 10    Int:  9    God:
Gold:   79         SH:  0    Dex: 15    Spells: 2/2 levels left

rFire   . . .        Y - +0 shortbow
rCold   . . .        (shield currently unavailable)
rNeg    + + .        e - +0 ring mail
rPois   inf          (no helmet)
rElec   +            (no cloak)
rCorr   .            (no gloves)
SInv    .            (no boots)
Will    .....        (no amulet)
Stlth   +            j - ring of positive energy
HPRegen 0.23/turn    (no ring)
MPRegen 0.08/turn

%: no passive effects
@: no status effects
A: sickness immunity, AC +3, negative energy resistance 1, electricity
resistance, torment resistance 1, petrification resistance
a: no special abilities


You were on level 2 of the Dungeon.
You visited 1 branch of the dungeon, and saw 2 of its levels.

You collected 79 gold pieces.


Innate Abilities, Weirdness & Mutations

You are immune to sickness and miasma.
Your stone body is resilient. (AC +3)
You are immune to poison.
You resist negative energy. (rN+)
You are resistant to electric shocks. (rElec)
You are resistant to unholy torment.
You are immune to petrification.


   Skills:
 - Level 2.1 Fighting
 + Level 4.7 Ranged Weapons
 - Level 1.0 Armour
 - Level 1.5 Dodging
 - Level 1.1 Stealth


You had 2 spell levels left.
You didn't know any spells.
Your spell library was empty.

Inventory:

Hand Weapons
 Y - a +0 shortbow (weapon)
Armour
 e - a +0 ring mail (worn)
Jewellery
 j - a ring of positive energy (left hand)
Scrolls
 a - 2 scrolls of identify {unknown}
 b - a scroll of noise {unknown}
Potions
 c - a potion of resistance {unknown}
 d - a potion of brilliance {unknown}
 f - a potion of lignification {unknown}
 g - a potion of berserk rage {unknown}
 i - 3 potions of curing

Dungeon Overview and Level Annotations

Branches:
Dungeon (2/15)

Altars:


Message History

You shoot an arrow. The arrow completely misses the jackal.
The jackal barely misses you. x3
The jackal bites you but does no damage. x2
You shoot an arrow. The arrow hits the jackal.
You kill the jackal!
The jackal bites you but does no damage.
The jackal closely misses you. The jackal barely misses you.
You have reached level 3!
Your experience leads to an increase in your attributes!
Increase (S)trength, (I)ntelligence, or (D)exterity?
You feel agile. x2
You shoot an arrow. The arrow hits the jackal.
The jackal is heavily wounded.
The jackal bites you but does no damage.
The jackal barely misses you.
The jackal bites you but does no damage. x2
The jackal closely misses you. The jackal bites you.
You shoot an arrow. The arrow closely misses the jackal.
The jackal closely misses you. The jackal misses you. The jackal bites you. x2
The jackal bites you but does no damage.
The jackal bites you.
You shoot an arrow.
The arrow hits the jackal but does no damage.
The jackal is heavily wounded.
The jackal bites you but does no damage. x2
The jackal barely misses you. x3; The jackal closely misses you.
You shoot an arrow. The arrow barely misses the jackal.
The jackal closely misses you. x4
The jackal bites you but does no damage.
The jackal bites you.
You shoot an arrow. The arrow barely misses the jackal.
The jackal bites you but does no damage.
The jackal bites you. The jackal barely misses you.
The jackal bites you but does no damage.
You shoot an arrow. The arrow closely misses the jackal.
The jackal bites you but does no damage.
The jackal barely misses you. The jackal misses you.
The jackal bites you but does no damage. x2
The jackal bites you.
You die...

...... #.# ##.....> ...
....# #.###.. ... .... #.#
#.# #.##... #.# #.# #.#...
#.# #.## #.#.. # #.# #..##
#.#r# ... ...
#.###.#.######.#h#..... ..#
##. #......=.......@h..#
###.# ..
##.#.#..##.####.h##....$....
.. ...##.#.#.## #..... ...
..# . ##.###...## ##....# #
#.# < #.# ##.##
####.######.###### #.# #.#
#.............## #.# #.#
#..#####........ #.# #.#
#..# #.####.## #.# #.# #..#
##.####.##


You could see 3 jackals and a rat.

Vanquished Creatures
  3 ball pythons (D:1)
  2 bats
  2 endoplasms
  2 goblins
  A hobgoblin (D:1)
  A jackal (D:2)
  2 quokkas (D:2)
  2 frilled lizards (D:2)
  4 kobolds
  2 rats (D:1)
21 creatures vanquished.

Notes
Turn   | Place    | Note
-------+----------+-------------------------------------------
     0 | D:1      | qw the Gargoyle Hunter began the quest for the Orb.
     0 | D:1      | Reached XP level 1. HP: 12/12 MP: 1/1
     0 | D:1      | 0 ||| qw: Version: 0.3-a-76-g4403597
     0 | D:1      | 0 ||| qw: Game counter: 866
     0 | D:1      | 0 ||| qw: Melee chars always use a shield: true
     0 | D:1      | 0 ||| qw: God list: Okawaru
     0 | D:1      | 0 ||| qw: Allow faded altars: false
     0 | D:1      | 0 ||| qw: Do Orc after clearing Dungeon:15 true
     0 | D:1      | 0 ||| qw: Do second Lair branch before Depths: true
     0 | D:1      | 0 ||| qw: Lair rune preference: random
     0 | D:1      | 0 ||| qw: Goals: Normal
     0 | D:1      | 0 ||| PLANNING D:1-11
   331 | D:1      | Reached XP level 2. HP: 17/17 MP: 2/2
   615 | D:1      | 615 ||| UPGRADING to +0 ring mail.
   625 | D:1      | 625 ||| DROPPING +0 leather armour.
   626 | D:1      | 626 ||| UPGRADING to ring of positive energy.
   627 | D:1      | 627 ||| READING scroll labelled GIMUJE EDIONYA.
   628 | D:1      | 628 ||| READING scroll labelled LIDDUL XAEDUMU.
   629 | D:1      | 629 ||| READING scroll labelled NOSKYNW TIEMNU.
   633 | D:1      | 633 ||| DRINKING 4 white potions.
   634 | D:1      | 634 ||| DROPPING scroll of butterflies.
   905 | D:2      | Reached skill level 1 in Armour
   969 | D:2      | 969 ||| RETREATING.
   994 | D:2      | Reached XP level 3. HP: 13/21 MP: 3/3
   995 | D:2      | HP: 4/21 [jackal (3)]
   998 | D:2      | HP: 1/21 [jackal (2)]
   999 | D:2      | Slain by a jackal

Levels and vault maps discovered:
D:1:      dpeg_arrival_shelter, layout_loops_ring
D:2:      layout_loops_ring

Skill      XL: |  1  2 |
---------------+-------+-----
Armour         | 1 |  1.0
Fighting       | |  2.1
Ranged Weapons | |  4.7
Dodging        | |  1.5
Stealth        | |  1.1

Action                     || total
---------------------------++-------
   Fire: Shortbow          ||    75
    Use: Scroll            ||     3
         Potion            ||     1
 Armour: Leather armour    ||    11
         Ring mail         ||    51
  Dodge: Dodged            ||    58

Table legend:
 A = Non-vault XP
 B = Vault XP
 C = Vault XP percentage of total XP
 D = Non-vault monster count
 E = Vault monster count
 F = Vault count percentage of total count
                 A         B        C        D         E       F
            +---------+---------+-------+---------+---------+-------
      Total |      34 |       0 |   0.0 |      21 |       0 |   0.0
            +---------+---------+-------+---------+---------+-------
        D:1 |      17 |       0 |   0.0 |      11 |       0 |   0.0
        D:2 |      17 |       0 |   0.0 |      10 |       0 |   0.0
            +---------+---------+-------+---------+---------+-------
